 Dungeon Crawl Stone Soup version 0.26.1-2-gb8aa6d0cf2 (webtiles) character file.

Game seed: 4604323257053316428

2186 nightchill the Reanimator (level 9, -1/52 HPs)
             Began as a Vampire Necromancer on Feb 23, 2021.
             Slain by a killer bee (4 damage)
             ... on level 7 of the Dungeon.
             The game lasted 00:34:19 (8691 turns).

nightchill the Reanimator (Vampire Necromancer)     Turns: 8691, Time: 00:34:20

Health: -1/52      AC:  3    Str:  9    XL:     9   Next: 11%
Magic:  13/16      EV: 12    Int: 18    God:
Gold:   277        SH:  0    Dex: 21    Spells: 1/17 levels left

rFire    . . .     SeeInvis +   y - +0 rapier
rCold    + + .     Faith    .   (no shield)
rNeg     + + +     Spirit   .   B - +0 leather armour (curse)
rPois    ∞         Reflect  .   (no helmet)
rElec    .         Harm     .   (no cloak)
rCorr    .         Rampage  .   (no gloves)
Will     .....                  (no boots)
Stlth    ++++......             (no amulet)
HPRegen  0.00/turn              n - +6 ring of dexterity
MPRegen  0.15/turn              (no ring)

@: bloodless
A: fangs 3, see invisible, unbreathing
a: Bat Form, Revivify


You were on level 7 of the Dungeon.
You visited 2 branches of the dungeon, and saw 8 of its levels.

You collected 277 gold pieces.

Inventory:

Hand Weapons
 e - a +0 short sword
 y - a +0 rapier (weapon)
 C - a +0 falchion
 F - a +6 short sword of speed
Missiles
 d - 29 poisoned darts
 f - 147 stones
Armour
 a - a +0 robe
 i - a +0 leather armour
 t - a +0 kite shield
 v - a +2 robe of positive energy
 B - a cursed +0 leather armour (worn)
Jewellery
 n - a +6 ring of dexterity (left hand)
Scrolls
 b - 3 scrolls of teleportation
 c - 2 scrolls of identify
 g - 3 scrolls of fog
 h - 2 scrolls of enchant weapon {unknown}
 j - a scroll of magic mapping {unknown}
 m - 2 scrolls of remove curse
 r - a scroll of immolation {unknown}
 s - a scroll of noise {unknown}
 D - a scroll of acquirement {unknown}
Potions
 l - 2 potions of curing
 o - 2 potions of degeneration
 p - 2 potions of attraction
 q - 2 potions of mutation
 u - a potion of flight {unknown}
 z - a potion of berserk rage
 A - a potion of heal wounds {unknown}
 E - a potion of brilliance {unknown}


   Skills:
 + Level 4.2 Fighting
 - Level 5.0(6.1) Short Blades
 * Level 5.0(5.8) Long Blades
 - Level 2.1 Dodging
 - Level 3.0 Stealth
 + Level 4.8 Spellcasting
 * Level 8.9 Necromancy


You had one spell level left.
You knew the following spells:

 Your Spells              Type           Power        Failure   Level
a - Pain                  Necr           100%         1%          1
b - Vampiric Draining     Necr           18%          1%          3
c - Animate Skeleton      Necr           72%          1%          1
d - Animate Dead          Necr           18%          4%          4
e - Wereblood             Tmut           4%           28%         2
f - Agony                 Necr           36%          14%         5

Your spell library contained the following spells:

 Spells                   Type           Power        Failure   Level
 Beastly Appendage        Tmut           8%           19%         1
 Spider Form              Tmut/Pois      2%           50%         3
 Ice Form                 Ice/Tmut       4%           88%         4
 Blade Hands              Tmut           2%           99%         5


Dungeon Overview and Level Annotations

Branches:
Dungeon (7/15)             Temple (1/1) D:6

Altars:
Ashenzari
Elyvilon
Fedhas
Gozag
Hepliaklqana
Makhleb
Nemelex Xobeh
Okawaru
Qazlal
Ru
Sif Muna
Trog
Xom
Yredelemnul
Zin
The Shining One

Shops:
D:4 =

Annotations:
D:2 exclusion: downstairs
D:3 exclusions: downstairs and 1 more exclusion, Sigmund
D:4 exclusions: downstairs and 1 more exclusion
D:5 exclusion: 2 downstairs
D:6 exclusion: downstairs


Innate Abilities, Weirdness & Mutations

You do not regenerate when monsters are visible.
You are frail without blood (-20% HP).
You can heal yourself when you bite living creatures.
You are immune to poison.
You have razor-sharp teeth.
You have supernaturally acute eyesight. (SInv)
You can survive without breathing.


Message History

Casting: Vampiric Draining (safe; 1% risk of failure)
Confirm with . or Enter, or press ? or * to list all spells.
Aiming: Vampiric Draining (safe; 1% risk of failure)
Press: ? - help, Shift-Dir - straight line, f - killer bee
Aim: a killer bee The killer bee is heavily wounded.
You feel life coursing into your body.
The killer bee buzzes angrily. x3
The killer bee barely misses you. The killer bee stings you!
The killer bee stings you. The killer bee closely misses you.
The killer bee barely misses you. The killer bee stings you!
* * * LOW HITPOINT WARNING * * *
You feel better. The killer bee barely misses you.
The killer bee stings you but does no damage.
The killer bee stings you!
* * * LOW HITPOINT WARNING * * *
The killer bee stings you!
* * * LOW HITPOINT WARNING * * *
The killer bee stings you.
You die...

## ####.# #....###
##<†....## ##........#
# #........###
###.##...##.....###
#.......##........#
#............@y.#
#...........yyyy##
##...........cy..#
#..........[..........
##.##.................
... #......##.........
#..#
##..####.........# #.
#.... #.........#
#.... ...........


You could see a centaur and 6 killer bees.

Vanquished Creatures
  A wyvern (D:6)
  Duvessa (D:5)
  2 orc warriors
  A sky beast (D:6)
  3 ogres
  A centaur (D:6)
  3 bullfrogs (D:6)
  Dowan (D:5)
  A scorpion (D:4)
  A howler monkey (D:4)
  A centaur zombie (D:6)
  6 orc priests
  4 hounds
  4 orc wizards
  3 bullfrog skeletons
  A centaur skeleton (D:6)
  An iguana (D:5)
  6 worker ants
  A hound skeleton (D:4)
  A worker ant zombie (D:5)
  A howler monkey skeleton (D:4)
  14 adders
  A white imp (D:5)
  2 adder zombies
  An adder skeleton (D:4)
  6 worms
  4 leopard geckos
  21 orcs
  A ball python (D:4)
  5 bats
  6 giant cockroaches
  2 goblins (D:2)
  3 hobgoblins (D:1)
  3 quokkas
  6 frilled lizards
  A jackal skeleton (D:5)
  4 kobolds
  A quokka skeleton (D:7)
  A quokka zombie (D:6)
  5 rats
  A spectral orc (D:6)
132 creatures vanquished.

Notes
Turn   | Place    | Note
-------+----------+-------------------------------------------
     0 | D:1      | nightchill the Vampire Necromancer began the quest for the
                  | Orb.
     0 | D:1      | Reached XP level 1. HP: 13/13 MP: 3/3
   229 | D:1      | Reached XP level 2. HP: 18/20 MP: 1/5
   921 | D:2      | Found a faded altar of an unknown god.
  1193 | D:2      | Reached skill level 1 in Short Blades
  1246 | D:2      | Reached XP level 3. HP: 22/25 MP: 1/6
  1309 | D:2      | Reached skill level 5 in Necromancy
  1314 | D:2      | Learned a level 3 spell: Vampiric Draining
  1397 | D:2      | Reached skill level 1 in Fighting
  1549 | D:2      | Found a blossoming altar of Fedhas.
  1916 | D:3      | Reached XP level 4. HP: 29/32 MP: 3/7
  2289 | D:2      | Reached XP level 5. HP: 29/37 MP: 6/9
  2446 | D:3      | Noticed Sigmund
  2619 | D:3      | Learned a level 1 spell: Animate Skeleton
  3012 | D:4      | Noticed an ogre
  3018 | D:4      | Killed an ogre
  3019 | D:4      | Reached skill level 6 in Necromancy
  3019 | D:4      | Reached XP level 6. HP: 36/44 MP: 1/10
  3567 | D:4      | Learned a level 4 spell: Animate Dead
  3775 | D:4      | Reached XP level 7. HP: 25/51 MP: 12/12
  3920 | D:4      | Found Eseafo Geop's Jewellery Shop.
  4676 | D:5      | Entered Level 5 of the Dungeon
  4723 | D:5      | Noticed Dowan
  4723 | D:5      | Noticed Duvessa
  4796 | D:5      | Killed Dowan
  5072 | D:5      | Learned a level 2 spell: Wereblood
  5349 | D:5      | Reached skill level 1 in Long Blades
  5349 | D:5      | Reached skill level 7 in Necromancy
  5805 | D:5      | Found a shimmering altar of Xom.
  5957 | D:5      | Killed Duvessa
  6395 | D:6      | Reached skill level 5 in Short Blades
  6395 | D:6      | Reached XP level 8. HP: 53/58 MP: 13/13
  6842 | D:6      | Found a basalt altar of Yredelemnul.
  6977 | D:5      | Reached skill level 8 in Necromancy
  7352 | D:6      | Found a staircase to the Ecumenical Temple.
  7374 | Temple   | Entered the Ecumenical Temple
  8280 | D:6      | Reached XP level 9. HP: 63/65 MP: 11/16
  8541 | D:6      | Learned a level 5 spell: Agony
  8565 | D:7      | Reached skill level 5 in Long Blades
  8691 | D:7      | Slain by a killer bee

Illustrated notes

Levels and vault maps discovered:
D:1:      amcnicky_arrival_abandoned_market, layout_rooms, patterned_corridor
D:2:      layout_loops_ring, general_overflow_altar,
          chequers_ecumenical_altar_simple_redux
D:3:      layout_loops_ring, uniq_sigmund
D:4:      layout_cave_pods, lightli_sewer_entry_pipes, serial_column_ruins,
          column_ruins_square_huge, column_ruins_columns_straight,
          column_ruins_open_large, column_ruins_grid_1,
          column_ruins_corridor_straight, column_ruins_open_small,
          column_ruins_grid_1, serial_shops, kennysheep_mini
D:5:      layout_loops_ring, basic_altar, minmay_circle_x, uniq_duvessa
D:6:      layout_rooms, yredelemnul_forgotten_temple_becter,
          minmay_temple_entry_poolview, st_stairs_13, minmay_door_square
D:7:      layout_cave_pools, lemuel_crystal_altar, uniq_crazy_yiuf_cottage
Temple:   jpeg_temple_clearing

Skill      XL: |  1  2  3  4  5  6  7  8  9 |
---------------+----------------------------+-----
Short Blades   | 1 2 3 4 5 |  5.0
Necromancy     | 5 6 7 8 |  8.9
Fighting       | 1 2 3 4 |  4.2
Spellcasting   | 3 4 |  4.8
Long Blades    | 2 4 5 |  5.0
Dodging        | |  2.1
Stealth        | |  3.0

Action                   |  1- 3 |  4- 6 |  7- 9 || total
-------------------------+-------+-------+-------++-------
Melee: Unarmed           |     1 |       |       ||     1
       Short sword       |    12 |   127 |    34 ||   173
       Bite              |     1 |    11 |    31 ||    43
       Rapier            |       |       |   235 ||   235
 Cast: Pain              |    51 |    42 |    71 ||   164
       Vampiric Draining |       |    12 |    28 ||    40
       Animate Skeleton  |       |     2 |       ||     2
       Animate Dead      |       |     1 |       ||     1
 Abil: Exsanguinate      |       |       |     1 ||     1
  Use: Scroll            |       |       |     9 ||     9
       Potion            |       |       |     1 ||     1
 Stab: Sleeping          |       |     4 |     7 ||    11
       Distracted        |       |       |     1 ||     1
Armor: Robe              |     5 |       |       ||     5
       Leather armour    |     1 |    28 |    40 ||    69
Dodge: Dodged            |    16 |   109 |   195 ||   320
